 Dungeon Crawl Stone Soup version 0.27-a0-802-gbe893936b8 (webtiles) character file.

Game seed: 12819363590327288696

30 Hot the Grasshopper (level 3, -3/16 HPs)
             Began as a Felid Warper on Mar 28, 2021.
             Slain by an adder (4 damage)
             ... on level 3 of the Dungeon.
             The game lasted 00:13:33 (1748 turns).

Hot the Grasshopper (Felid Warper)                  Turns: 1748, Time: 00:13:33

Health: -3/16      AC:  1    Str:  8    XL:     3   Next: 5%
Magic:  6/7        EV: 18    Int: 14    God:
Gold:   24         SH:  0    Dex: 15    Spells: 4/6 levels left
                                        Lives:  0   Deaths: 0

rFire    . . .     SeeInvis +     - Unarmed
rCold    . . .     Faith    .   (shield unavailable)
rNeg     . . .     Spirit   .   (armour unavailable)
rPois    .         Reflect  .   (helmet unavailable)
rElec    .         Harm     .   (cloak unavailable)
rCorr    .         Rampage  .   (gloves unavailable)
Will     .....                  (boots unavailable)
Stlth    ++........             (no amulet)
HPRegen  0.05/turn              (no ring)
MPRegen  0.10/turn              (no ring)

@: quick
A: very small, claws 1, fangs 3, see invisible, speed 1, shaggy fur 1, stealthy
paws, no weapons or thrown items, no armour, multi-lived
a: no special abilities


You were on level 3 of the Dungeon.
You visited 1 branch of the dungeon, and saw 3 of its levels.

You collected 24 gold pieces.

Inventory:

Scrolls
 b - a scroll of blinking
 d - a scroll of amnesia {unknown}
Potions
 a - a potion of curing {unknown}
 c - a potion of heal wounds {unknown}
 e - a potion of magic {unknown}
 f - a potion of lignification {unknown}


   Skills:
 + Level 2.1 Fighting
 + Level 3.5 Dodging
 + Level 0.5 Stealth
 + Level 2.2 Unarmed Combat
 + Level 2.2 Spellcasting
 + Level 5.2 Translocations


You had 4 spell levels left.
You knew the following spells:

 Your Spells              Type           Power      Damage    Failure   Level
a - Blink                 Tloc           N/A        N/A       4%          2

Your spell library contained the following spells:

 Spells                   Type           Power      Damage    Failure   Level
 Gell's Gravitas          Tloc           8%         N/A       9%          3
 Lesser Beckoning         Tloc           8%         N/A       9%          3
 Teleport Other           Tloc           16%        N/A       9%          3
 Manifold Assault         Tloc           16%        N/A       58%         5


Dungeon Overview and Level Annotations

Branches:
Dungeon (3/15)

Altars:


Innate Abilities, Weirdness & Mutations

You have sharp claws.
You have razor-sharp teeth.
You have supernaturally acute eyesight. (SInv)
You cover ground quickly. (Speed+)
You are covered in fur. (AC +1)
Your stealthy paws help you sneak and pounce on unaware monsters.
You are incapable of wielding weapons or throwing items.
You cannot wear armour.
You gain extra lives every three experience levels.


Message History

You barely miss the adder. The adder barely misses you.
You closely miss the adder. The adder barely misses you. The adder bites you.
You miss the adder. The adder misses you.
You closely miss the adder. The adder misses you.
You barely miss the adder. The adder completely misses you.
You scratch the adder.
The adder is lightly wounded.
The adder closely misses you. The adder barely misses you.
You closely miss the adder. Your bite misses the adder.
The adder is lightly wounded.
The adder closely misses you.
You barely miss the adder.
The adder is lightly wounded.
The adder bites you.
* * * LOW HITPOINT WARNING * * *
You are lethally poisoned!
The adder poisons you!
Sorry, you're not good enough to have a special ability.
Casting: Blink (safe; 4% risk of failure)
Confirm with . or Enter, or press ? or * to list all spells.
You blink.
* * * LOW HITPOINT WARNING * * *
You feel sick.
* * * LOW HITPOINT WARNING * * *
You feel sick.
* * * LOW HITPOINT WARNING * * *
You feel sick.
* * * LOW HITPOINT WARNING * * *
You feel sick.
You are no longer poisoned.
An endoplasm comes into view.
Found 17 arrows.
Found a stone staircase leading down.
There is a stone staircase leading down here.
The adder barely misses you.
You climb downwards.
Found 20 stones, 11 gold pieces, 2 coppery potions and a leather armour.
There is a stone staircase leading up here.
The adder bites you.
You die...

.........#
.........#
.......[.## .
.......... ..
.........###...
...............
..$.....(......
.......@S......
.!.............
#..............
.......#.......
##.###. #......
# #. ...... #.
##.### #. ..


You could see an adder.

Vanquished Creatures
  3 dart slugs (D:1)
  2 endoplasms (D:1)
  3 goblins (D:1)
  3 hobgoblins
  3 jackals (D:1)
  A kobold (D:1)
  A quokka (D:1)
  3 ball pythons (D:1)
  A rat (D:1)
20 creatures vanquished.

Vanquished Creatures (others)
  4 plants (D:1)
4 creatures vanquished.

Grand Total: 24 creatures vanquished

Notes
Turn   | Place    | Note
-------+----------+-------------------------------------------
     0 | D:1      | Hot the Felid Warper began the quest for the Orb.
     0 | D:1      | Reached XP level 1. HP: 9/9 MP: 4/4
   167 | D:1      | Reached XP level 2. HP: 13/13 MP: 6/6
   170 | D:1      | Learned a level 2 spell: Blink
   609 | D:1      | Reached skill level 5 in Translocations
  1632 | D:1      | Reached XP level 3. HP: 16/16 MP: 7/7
  1748 | D:3      | Slain by an adder

Illustrated notes

Levels and vault maps discovered:
D:1:      lightli_arrival_statuegarden, layout_loops_ring
D:2:      layout_basic, uniq_jessica
D:3:      layout_rooms, chequers_ecumenical_altar_simple_redux

Skill      XL: |  1  2 |
---------------+-------+-----
Translocations | 5 |  5.2
Fighting       | |  2.1
Dodging        | |  3.5
Stealth        | |  0.5
Unarmed Combat | |  2.2
Spellcasting   | |  2.2

Action                   || total
-------------------------++-------
Melee: Unarmed           ||    86
       Bite              ||    13
       Punch             ||     1
 Cast: Blink             ||    10
  Use: Scroll            ||     2
 Stab: Sleeping          ||     2
Armor: Skin              ||     4
Dodge: Dodged            ||    68

Table legend: (Time is in decaauts)
 A = Elapsed time spent in this place.
 B = Non-inter-level travel time spent in this place.
 C = Inter-level travel time spent in this place.
 D = Time resting spent in this place.
 E = Time spent auto-exploring this place.
 F = Levels seen in this place.
 G = Mean time per level.
                   A        B        C        D        E       F      G
               +--------+--------+--------+--------+--------+-----+--------+
         Total |   1521 |   1513 |      8 |      0 |    617 |   3 |  507.0 |
       Dungeon |   1521 |   1513 |      8 |      0 |    617 |   3 |  507.0 |
               +--------+--------+--------+--------+--------+-----+--------+

Top non-repeatable levels by time:
     D:1: 1485 daAuts
     D:2: 34 daAuts
     D:3: 0 daAuts
